 Dungeon Crawl Stone Soup version 0.24-a0-258-gb86c0f735e (webtiles) character file.

Game seed: 14852351518456062845

401 MirrMurr the Covert (level 6, -6/28 HPs)
             Began as a Spriggan Enchanter on Apr 19, 2019.
             Killed from afar by an orc wizard (10 damage)
             ... with a puff of flame
             ... on level 4 of the Dungeon.
             The game lasted 00:08:02 (3917 turns).

MirrMurr the Covert (Spriggan Enchanter)            Turns: 3917, Time: 00:08:03

Health: -6/28      AC:  2    Str:  6    XL:     6   Next: 54%
Magic:  1/11       EV: 18    Int: 17    God:
Gold:   259        SH:  0    Dex: 16    Spells: 2/11 levels left

rFire    . . .     SeeInvis +   a - +4 dagger
rCold    . . .     Gourm    .   (shield restricted)
rNeg     . . .     Faith    .   b - +0 robe
rPois    .         Spirit   .   (helmet restricted)
rElec    .         Reflect  .   (no cloak)
rCorr    .         Harm     .   (gloves unavailable)
MR       +....                  (boots unavailable)
Stlth    ++++......             (no amulet)
HPRegen  0.09/turn              (no ring)
MPRegen  0.12/turn              (no ring)

@: very quick
A: very small, unfitting armour, see invisible, herbivore, speed 3, slow
metabolism 2
a: no special abilities


You were on level 4 of the Dungeon.
You were not hungry.

You visited 1 branch of the dungeon, and saw 4 of its levels.

You collected 259 gold pieces.

Inventory:

Hand Weapons
 a - a +4 dagger (weapon)
 d - a +1 dagger of draining
 g - a +0 hunting sling
 t - a +3 hunting sling of velocity
Missiles
 e - 148 stones
 f - 52 sling bullets
 i - a throwing net
 n - 7 tomahawks (quivered)
Armour
 b - a +0 robe (worn)
Jewellery
 k - an uncursed ring of protection from magic {unknown}
Scrolls
 h - 4 scrolls of teleportation
 j - a scroll of immolation
Potions
 o - 4 potions of haste
 p - a potion of cancellation {unknown}
 s - a potion of lignification {unknown}
 u - a potion of curing {unknown}
Comestibles
 c - 10 rations


   Skills:
 - Level 5.3 Short Blades
 - Level 3.0 Dodging
 - Level 8.0 Stealth
 + Level 3.0 Spellcasting
 * Level 4.1 Hexes


You had 2 spell levels left.
You knew the following spells:

 Your Spells              Type           Power        Failure   Level  Hunger
a - Ensorcelled Hibernat  Hex/Ice        #.....       11%         2    ##.....
b - Confuse               Hex            ###.....     10%         3    ###....
c - Tukima's Dance        Hex            ###.....     10%         3    ###....
C - Corona                Hex            ###....      3%          1    None

Your spell library contained the following spells:

 Spells                   Type           Power        Failure   Level  Hunger
 Dazzling Spray           Conj/Hex       #.....       22%         3    ###....


Dungeon Overview and Level Annotations

Branches:
Dungeon (4/15)
 Temple: D:4-7

Altars:
Beogh

Annotations:
D:3 3 runed translucent doors, Yosebu's ghost, amateur DECj


Innate Abilities, Weirdness & Mutations

You are very small and have problems with some larger weapons.
You are too small for most types of armour.
You have supernaturally acute eyesight. (SInv)
You are a herbivore.
You cover ground extremely quickly.
You need to consume almost no food.


Message History

The orc wizard resists with some effort.
The orc wizard hits you with a +4 dagger of freezing.
The orc wizard freezes you. The orc completely misses you.
The orc wizard hits you with a +0 dagger.
The orc hits you with a +0 dagger.
You are too injured to fight recklessly!
Casting: Ensorcelled Hibernation (safe; 11% risk of failure)
Confirm with . or Enter, or press ? or * to list all spells.
Aiming: Ensorcelled Hibernation (safe; 11% risk of failure)
Press: ? - help, Shift-Dir - straight line, f/p - orc wizard
Aim: an orc wizard, wielding a +0 dagger and wearing a +0 robe (heavily wounded, chance to defeat MR: 40%)
The orc wizard resists with some effort.
The orc wizard hits you with a +4 dagger of freezing.
* * * LOW HITPOINT WARNING * * *
The orc wizard freezes you.
* * * LOW HITPOINT WARNING * * *
The orc closely misses you.
The orc wizard points at you and mumbles some strange words.
The puff of flame hits you!
You die...

**,,,,,,,,,,,,,* #.............#
*** #.............# **,** ***
*#...........#****,,,** *,*
##.%...>.....##*,,,,,,* *,**
*#.............#,,,,,,,** *,,**
**,,#.........#,,,,,,,,,,*
**,,***,,##....oo..#****,,,,,,,*
*,,*,,,##.....@..#* *,,,,,,,**
*,,,,*##......oo)# **,,,,,,,*
***,,**#....##)..## *,,,,,,,,*
**,,,**##...####.## *,,,,,,,**
#,,***##...## ### **,,,,,,**
.,** ##....# *,,,,,,,*
.#####....## *********
#........## ........###


You could see 2 orc wizards and 2 orcs.

Vanquished Creatures
  Edmund (D:4)
  An ogre (D:4)
  A hound (D:4)
  Terence (D:3)
  2 worker ants (D:4)
  A gnoll (D:1)
  2 adders
  An ooze (D:2)
  2 worms
  5 dart slugs
  An orc (D:4)
  9 bats
  A giant cockroach (D:1)
  7 hobgoblins
  3 jackals (D:1)
  7 kobolds
  2 quokkas (D:2)
  6 goblins
  9 rats
62 creatures vanquished.

Notes
Turn   | Place    | Note
-------+----------+-------------------------------------------
     0 | D:1      | MirrMurr the Spriggan Enchanter began the quest for the
                  | Orb.
     0 | D:1      | Reached XP level 1. HP: 9/9 MP: 5/5
    55 | D:1      | Reached skill level 5 in Stealth
    55 | D:1      | Reached XP level 2. HP: 13/13 MP: 6/6
    59 | D:1      | Learned a level 2 spell: Ensorcelled Hibernation
   427 | D:1      | Reached XP level 3. HP: 9/16 MP: 8/8
   434 | D:1      | Learned a level 3 spell: Confuse
  1481 | D:2      | Reached skill level 6 in Stealth
  2150 | D:2      | Reached XP level 4. HP: 21/21 MP: 9/9
  2905 | D:3      | Found a runed translucent gate.
  2967 | D:3      | Found a runed translucent gate.
  3044 | D:3      | Found a runed translucent gate.
  3044 | D:3      | Noticed Yosebu's ghost (amateur DECj)
  3307 | D:3      | Noticed Terence
  3316 | D:3      | Killed Terence
  3517 | D:3      | Identified the +6 chain mail of Autotheism {Dex+2}
  3519 | D:3      | Found a roughly hewn altar of Beogh.
  3603 | D:4      | Reached skill level 7 in Stealth
  3603 | D:4      | Reached XP level 5. HP: 24/24 MP: 10/10
  3712 | D:4      | Noticed Edmund
  3719 | D:4      | Killed Edmund
  3719 | D:4      | Reached skill level 8 in Stealth
  3856 | D:4      | Noticed an ogre
  3860 | D:4      | Killed an ogre
  3860 | D:4      | Reached skill level 5 in Short Blades
  3860 | D:4      | Reached XP level 6. HP: 28/28 MP: 11/11
  3865 | D:4      | Learned a level 3 spell: Tukima's Dance
  3917 | D:4      | Killed from afar by an orc wizard

Levels and vault maps discovered:
D:1:      dpeg_arrival_three_same_balls, layout_basic, hex_intersection
D:2:      layout_loops_ring, first_ration
D:3:      layout_loops_cross, biasface_ghost_orc_armoury, uniq_terence
D:4:      layout_cave_pods, uniq_sigmund, uniq_edmund

Skill      XL: |  1  2  3  4  5  6 |
---------------+-------------------+-----
Stealth        | 5 6 7 8 |  8.0
Short Blades   | 2 3 5 |  5.3
Spellcasting   | 3 |  3.0
Hexes          | 4 |  4.1
Dodging        | |  3.0

Action                   |  1- 3 |  4- 6 || total
-------------------------+-------+-------++-------
Melee: Dagger            |   128 |    51 ||   179
 Cast: Ensorcelled Hiber |     8 |    11 ||    19
  Use: Scroll            |     3 |     8 ||    11
 Stab: Sleeping          |    17 |    15 ||    32
  Eat: Ration            |       |     1 ||     1
Armor: Robe              |    12 |     3 ||    15
Dodge: Dodged            |    91 |    41 ||   132

Table legend:
 A = Non-vault XP
 B = Vault XP
 C = Vault XP percentage of total XP
 D = Non-vault monster count
 E = Vault monster count
 F = Vault count percentage of total count
                 A         B        C        D         E       F
            +---------+---------+-------+---------+---------+-------
      Total |     381 |     193 |  33.6 |      60 |       2 |   3.2
            +---------+---------+-------+---------+---------+-------
        D:1 |      57 |       0 |   0.0 |      24 |       0 |   0.0
        D:2 |      62 |       0 |   0.0 |      23 |       0 |   0.0
        D:3 |      14 |      36 |  72.0 |       7 |       1 |  12.5
        D:4 |     248 |     157 |  38.8 |       6 |       1 |  14.3
            +---------+---------+-------+---------+---------+-------
